 Dungeon Crawl Stone Soup version 0.29-a0-1006-g0dd7720b37 (webtiles) character file.

Game seed: 3013565619699139671

829 concernfroge the Fighter (level 7, -2/64 HPs)
             Began as a Mummy Monk on Aug 7, 2022.
             Was a Believer of Okawaru.
             Engulfed by a steam dragon's steam (9 damage)
             ... on level 7 of the Dungeon.
             The game lasted 00:11:44 (5864 turns).

concernfroge the Fighter (Mummy Monk)               Turns: 5864, Time: 00:11:45

Health: -2/64      AC:  9    Str: 17    XL:     7   Next: 65%
Magic:  5/7        EV: 15    Int:  9    God:    Okawaru [**....]
Gold:   250        SH:  0    Dex: 20    Spells: 6/6 levels left

rFire   x . .      SeeInvis .   a - +0 battleaxe
rCold   + + .      Faith    .   (shield currently unavailable)
rNeg    + + +      Spirit   .   l - +3 ring mail {rC+}
rPois   ∞          Reflect  .   (no helmet)
rElec   .          Harm     .   (no cloak)
rCorr   .          Rampage  .   (no gloves)
Will    .....                   (no boots)
Stlth   +++.......              (no amulet)
HPRegen 0.20/turn               f - +6 ring of dexterity
MPRegen 0.10/turn               (no ring)

@: heroic
A: cold resistance 1, negative energy resistance 3, torment resistance 2, heat
vulnerability 1, in touch with death 1, no potions
a: Renounce Religion, Heroism


You were on level 7 of the Dungeon.
You worshipped Okawaru.
Okawaru was pleased with you.
You visited 1 branch of the dungeon, and saw 7 of its levels.

You collected 250 gold pieces.

Inventory:

Hand Weapons
 a - a +0 battleaxe (weapon)
 d - a +0 war axe
Missiles
 h - 4 poisoned darts (quivered)
Armour
 l - a +3 ring mail of cold resistance (worn)
Jewellery
 e - a ring of willpower
 f - a +6 ring of dexterity (left hand)
Scrolls
 b - 2 scrolls of noise
 c - a scroll of identify {unknown}
 g - a scroll of teleportation


   Skills:
 + Level 9.2(14.2) Fighting
 - Level 2.4(7.4) Polearms
 - Level 2.4(7.4) Dodging
 - Level 1.5(6.5) Stealth


You had 6 spell levels left.
You didn't know any spells.
Your spell library was empty.

Dungeon Overview and Level Annotations

Branches:
Dungeon (7/15)             Temple (0/1) D:6

Altars:
Kikubaaqudgha
Okawaru
Qazlal

Annotations:
D:2 Natasha
D:3 3 runed translucent doors, MisterAzrael's ghost, amateur DjAE; Terence
D:5 1 runed translucent door, ytrimaz's ghost, novice OpTm


Innate Abilities, Weirdness & Mutations

You are immune to poison.
Your flesh is cold resistant. (rC+)
You are immune to negative energy. (rN+++)
You are immune to unholy pain and torment.
You are vulnerable to heat. (rF-)
You are in touch with the powers of death.
You do not drink.


Message History

Your Fighting skill increases to level 9!
No target in view!
Found a stone staircase leading down.
c - a scroll labelled HAANEI NELUHI
g - a scroll of teleportation
Okay, then.
Found an iron altar of Okawaru.
A steam dragon comes into view.
The steam dragon hisses angrily.
Throw: 5 darts (poison)
Press: ? - help, Q - select action Shift-Dir - straight line, f - steam dragon
Aim: a steam dragon (66% to hit)
You throw a poisoned dart.
The poisoned dart closely misses the steam dragon.
There is an iron altar of Okawaru here.
You kneel at the altar of Okawaru.
Okawaru welcomes you!
You can now gain great but temporary skills.
Okay, then.
You gain the combat prowess of a mighty hero.
You hit the steam dragon.
The steam dragon is lightly wounded.
The steam dragon breathes steam at you. The ball of steam hits you!!
The steam scalds you terribly!
You hit the steam dragon but do no damage.
The steam dragon is lightly wounded.
You are engulfed in a cloud of scalding steam.
The steam dragon bites you. The steam dragon misses you.
You slash the steam dragon!
The steam dragon is heavily wounded.
You are engulfed in a cloud of scalding steam.
The steam dragon barely misses you.
The steam dragon claws you but does no damage.
The steam dragon breathes steam at you. The ball of steam hits you!!
The steam scalds you terribly!
* * * LOW HITPOINT WARNING * * *
You hit the steam dragon.
The steam dragon is severely wounded.
You are engulfed in a cloud of scalding steam.
You die...

#.. #. #.# ...
###.######.#
#####.......#..#
#.........#....##
#.....#..........
#....#.#...$....(
#.#._D#....D...
#..#@#.D.###### #
#§§.#....# #.#§§.....##
####.##..######### .
........###<.....###>##
........###............
...................###
........###............
........# #......######


You could see a steam dragon (catching breath).

Vanquished Creatures
  A water moccasin (D:7)
  An ice beast (D:5)
  A phantom (D:5)
  Blork the orc (D:4)
  2 scorpions
  2 hounds (D:5)
  4 jellies
  An iguana (D:4)
  An orc wizard (D:4)
  6 adders
  A worm (D:4)
  2 dart slugs
  7 orcs
  4 bats
  7 endoplasms
  2 giant cockroaches
  A goblin (D:4)
  4 hobgoblins
  7 jackals
  4 quokkas
  6 ball pythons
  4 frilled lizards
  8 kobolds
  5 rats
  A bush (D:4)
83 creatures vanquished.

Vanquished Creatures (others)
  6 plants (D:4)
6 creatures vanquished.

Grand Total: 89 creatures vanquished

Notes
Turn   | Place    | Note
-------+----------+-------------------------------------------
     0 | D:1      | concernfroge the Mummy Monk began the quest for the Orb.
     0 | D:1      | Reached XP level 1. HP: 18/18 MP: 1/1
   356 | D:1      | Reached XP level 2. HP: 24/24 MP: 2/2
   632 | D:1      | Reached skill level 4 in Fighting
   864 | D:1      | Found a faded altar of an unknown god.
  1128 | D:2      | Gained mutation: You are in touch with the powers of death.
                  | [Mummy growth]
  1128 | D:2      | Reached XP level 3. HP: 28/31 MP: 3/3
  1323 | D:2      | Noticed Natasha
  2004 | D:3      | Noticed MisterAzrael's ghost (amateur DjAE)
  2005 | D:3      | Found a runed translucent gate.
  2008 | D:3      | Found a runed translucent gate.
  2008 | D:3      | Found a runed translucent gate.
  2347 | D:3      | Noticed Terence
  2459 | D:3      | Found a stormy altar of Qazlal.
  2627 | D:4      | Reached XP level 4. HP: 32/38 MP: 4/4
  2639 | D:4      | Reached skill level 5 in Fighting
  3425 | D:4      | Noticed a scorpion
  3435 | D:4      | Killed a scorpion
  3436 | D:4      | Reached skill level 6 in Fighting
  3436 | D:4      | Reached XP level 5. HP: 43/46 MP: 5/5
  3712 | D:4      | Noticed Blork the orc
  3718 | D:4      | Killed Blork the orc
  3719 | D:4      | Reached XP level 6. HP: 40/53 MP: 6/6
  4004 | D:4      | Reached skill level 7 in Fighting
  4421 | D:5      | Entered Level 5 of the Dungeon
  4642 | D:5      | Found an ancient bone altar of Kikubaaqudgha.
  4667 | D:5      | Noticed an ice beast
  4678 | D:5      | Killed an ice beast
  4780 | D:5      | Reached skill level 8 in Fighting
  4780 | D:5      | Reached XP level 7. HP: 27/62 MP: 7/7
  5136 | D:5      | Found a runed translucent door.
  5136 | D:5      | Noticed ytrimaz's ghost (novice OpTm)
  5797 | D:6      | Noticed a troll
  5830 | D:7      | Reached skill level 9 in Fighting
  5844 | D:7      | Found an iron altar of Okawaru.
  5852 | D:7      | Noticed a steam dragon
  5857 | D:7      | Became a worshipper of Warmaster Okawaru
  5857 | D:7      | Reached * piety under Okawaru
  5857 | D:7      | Reached ** piety under Okawaru
  5864 | D:7      | Engulfed by a steam dragon's steam

Illustrated notes

Levels and vault maps discovered:
D:1:      dpeg_arrival_round_b, layout_loops_ring,
          dilly_ecumenical_altar_fadedgnrine, minmay_indecisive_spiral
D:2:      minmay_angry_zag, layout_rooms, basic_altar,
          chequers_serial_rivers_micro_b, uniq_natasha, uniq_robin
D:3:      layout_loops_corners, nicolae_qazlal_eye_of_the_storm,
          gammafunk_ghost_split, uniq_terence
D:4:      dreamdust_elfheim, layout_basic, mainiacjoe_overflow_paths,
          serial_forest, infiniplex_forest_end_2, infiniplex_forest_3_way,
          infiniplex_forest_3_way, infiniplex_forest_clump_medium,
          infiniplex_forest_clump_small, minmay_misc_feat_encased,
          uniq_blork_the_orc
D:5:      layout_basic, mainiacjoe_overflow_catwalk, serial_glass,
          glass_columns_a, glass_columns_a, hellmonk_ghost_happy_afterlife
D:6:      layout_rooms, temple_green
D:7:      layout_rooms, okawaru_metal_pillars_3

Skill      XL: |  1  2  3  4  5  6  7 |
---------------+----------------------+-----
Fighting       | 4 6 8 9 |  9.2
Polearms       | |  2.4
Dodging        | |  2.4
Stealth        | |  1.5

Action                   |  1- 3 |  4- 6 |  7- 9 || total
-------------------------+-------+-------+-------++-------
Melee: Spear             |   114 |       |       ||   114
       War axe           |    37 |    16 |       ||    53
       Battleaxe         |       |   127 |    54 ||   181
Throw: Dart              |     9 |     5 |     4 ||    18
Invok: Heroism           |       |       |     1 ||     1
  Use: Scroll            |     3 |       |     7 ||    10
 Stab: Sleeping          |     2 |       |     1 ||     3
Armor: Robe              |     5 |       |       ||     5
       Ring mail         |     8 |       |    39 ||    47
       Chain mail        |    46 |    75 |       ||   121
Dodge: Dodged            |    59 |    58 |    45 ||   162

Table legend: (Time is in decaauts)
 A = Elapsed time spent in this place.
 B = Non-inter-level travel time spent in this place.
 C = Inter-level travel time spent in this place.
 D = Time resting spent in this place.
 E = Time spent auto-exploring this place.
 F = Levels seen in this place.
 G = Mean time per level.
                   A        B        C        D        E       F      G
               +--------+--------+--------+--------+--------+-----+--------+
         Total |   5997 |   5559 |    438 |      0 |   4651 |   7 |  856.7 |
       Dungeon |   5997 |   5559 |    438 |      0 |   4651 |   7 |  856.7 |
               +--------+--------+--------+--------+--------+-----+--------+

Top non-repeatable levels by time:
     D:4: 1892 daAuts
     D:5: 1422 daAuts
     D:3: 1274 daAuts
     D:1: 962 daAuts
     D:2: 373 daAuts
     D:7: 39 daAuts
     D:6: 32 daAuts
